 Dungeon Crawl Stone Soup version 0.29.1-12-g30fa7ad0bf (webtiles) character file.

Game seed: 5058400097122023788

16098 mortz the Thaumaturge (level 12, 0/77 HPs)
             Began as a Kobold Conjurer on Dec 30, 2022.
             Was a High Priest of Vehumet.
             Slain by a troll (4 damage)
             ... on level 11 of the Dungeon on Dec 31, 2022.
             The game lasted 01:44:40 (13260 turns).

mortz the Thaumaturge (Kobold Conjurer)            Turns: 13260, Time: 01:44:42

Health: 0/77       AC:  7    Str:  5    XL:     12   Next: 65%
Magic:  27/27      EV: 13    Int: 32    God:    Vehumet [*****.]
Gold:   982        SH:  6    Dex: 18    Spells: 1/33 levels left

rFire   . . .      SeeInvis .   a - +5 war axe of the Noxious God {vorpal, +Blink Int+3 Dex+4}
rCold   + . .      Faith    .   h - +1 buckler {reflect}
rNeg    . . .      Spirit   .   F - +1 troll leather armour {Pargi}
rPois   .          Reflect  +   t - +2 hat "Tum Bin Isid" {rC+ Int+6}
rElec   .          Harm     .   U - +0 cloak
rCorr   .          Rampage  .   i - +0 pair of gloves
Will    .....                   g - +1 pair of boots
Stlth   +++.......              B - amulet of magic regeneration
HPRegen 1.02/turn               (no ring)
MPRegen 0.60/turn               (no ring)

@: corroded, slowed, very slow
A: small, no large weapons, nightstalker 3
a: Renounce Religion, Evoke Blink


You were on level 11 of the Dungeon.
You worshipped Vehumet.
Vehumet was extremely pleased with you.
You visited 3 branches of the dungeon, and saw 13 of its levels.
You also visited: Bailey and Ice Cave.

You collected 982 gold pieces.

Inventory:

Hand Weapons
 a - the +5 war axe of the Noxious God (weapon) {vorpal, +Blink Int+3 Dex+4}
   (You found it on level 6 of the Dungeon)

   It inflicts extra damage upon your enemies.
   Int:       It affects your intelligence (+3).
   Dex:       It affects your dexterity (+4).
   +Blink:    It lets you blink.
 b - the +5 hammer "Qorehoh" {spect, Str-4 Int+4 SInv}
   (You found it on level 2 of the Dungeon)

   When its wielder attacks, the weapon's spirit leaps out and strikes again.
   The spirit shares a part of any damage it takes with its wielder.
   Str:       It affects your strength (-4).
   Int:       It affects your intelligence (+4).
   SInv:      It lets you see invisible.
 z - a +0 eveningstar of freezing
 I - a +3 dagger
 K - a +2 dagger of speed
 O - a +2 vorpal spear
 Y - a +5 hand axe of freezing
Missiles
 m - 7 curare-tipped darts
 C - 4 boomerangs
 T - a silver boomerang
Armour
 g - a +1 pair of boots (worn)
 h - a +1 buckler of reflection (worn)
 i - a +0 pair of gloves (worn)
 p - a +0 robe of cold resistance
 t - the +2 hat "Tum Bin Isid" (worn) {rC+ Int+6}
   (You acquired it on level 10 of the Dungeon)

   Int:       It affects your intelligence (+6).
   rC:        It protects you from cold.
 F - a +1 troll leather armour (worn) {Pargi}
 L - a +2 leather armour of willpower
 U - a +0 cloak (worn)
 W - a +2 ring mail of poison resistance
 X - the +0 robe of the Guild-Master {+Blink}
   (You took it off a wight on level 9 of the Dungeon)

   +Blink:    It lets you blink.
 Z - a +1 robe of resistance
Jewellery
 e - a ring of ice
 v - a ring of fire
 B - an amulet of magic regeneration (around neck)
Wands
 y - a wand of roots (6)
 A - a wand of flame (30)
Scrolls
 c - 4 scrolls of summoning
 k - 2 scrolls of magic mapping
 l - 5 scrolls of teleportation
 q - 2 scrolls of fear
 w - 2 scrolls of silence
 D - 4 scrolls of identify
 G - 6 scrolls of enchant weapon
 H - 2 scrolls of immolation
 J - a scroll of blinking {unknown}
Potions
 d - 3 potions of ambrosia
 f - 8 potions of curing
 j - 4 potions of haste
 n - a potion of attraction {unknown}
 o - a potion of heal wounds {unknown}
 s - 6 potions of might
 u - 2 potions of resistance
 E - a potion of flight {unknown}
 M - a potion of magic
 P - a potion of cancellation {unknown}
 Q - 2 potions of mutation {unknown}
 R - 3 potions of brilliance {unknown}
 S - 2 potions of invisibility


   Skills:
 * Level 9.9 Fighting
 - Level 2.4 Dodging
 - Level 2.6 Stealth
 * Level 11.2 Spellcasting
 + Level 10.6 Conjurations
 + Level 3.3 Hexes
 - Level 6.0 Translocations
 + Level 2.7 Air Magic
 + Level 5.6 Earth Magic
 - Level 2.0 Poison Magic


You had one spell level left.
You knew the following spells:

 Your Spells              Type           Power      Damage    Failure   Level
a - Magic Dart            Conj           100%       1d8       1%          1
b - Searing Ray           Conj           100%       2d8       1%          2
f - Foxfire               Conj/Fire      100%       2x1d9     1%          1
m - Mephitic Cloud        Conj/Pois/Air  50%        N/A       1%          3
s - Stone Arrow           Conj/Erth      100%       3d13      1%          3
A - Airstrike             Air            17%        2d(3-19)  6%          4
B - Iskenderun's Battles  Conj           72%        2d12      1%          5
I - Iskenderun's Mystic   Conj/Tloc      63%        2d13      1%          4
L - Lee's Rapid Deconstr  Erth           26%        3d15*     5%          5
P - Fulminant Prism       Conj/Hex       29%        3d14      1%          4

Your spell library contained the following spells:

 Spells                   Type           Power      Damage    Failure   Level
 Sting                    Tmut/Pois      96%        1d7       4%          1
 Poisonous Vapours        Pois/Air       66%        N/A       1%          2
 Conjure Flame            Conj/Fire      51%        6-21      1%          3
 Dazzling Flash           Conj/Hex       100%       N/A       1%          3
 Flame Wave               Conj/Fire      51%        2d13      2%          4
 Hailstorm                Conj/Ice       51%        3d11      2%          4
 Inner Flame              Hex/Fire       28%        N/A       3%          3
 Portal Projectile        Hex/Tloc       96%        N/A       3%          3
 Tukima's Dance           Hex            39%        N/A       5%          3
 Olgreb's Toxic Radiance  Pois           30%        N/A       9%          4
 Freezing Cloud           Conj/Ice/Air   23%        6-21      9%          5
 Orb of Destruction       Conj           36%        9d11      19%         7
 Animate Armour           Summ/Erth      72%        N/A       22%         4
 Anguish                  Hex/Necr       14%        N/A       34%         4
 Borgnjor's Vile Clutch   Necr/Erth      18%        N/A       52%         5
 Animate Dead             Necr           17%        N/A       56%         4
 Blade Hands              Tmut           8%         N/A       89%         5
 Lehudib's Crystal Spear  Conj/Erth      31%        10d8      97%         8
 Death Channel            Necr           8%         N/A       100%        6
 Enfeeble                 Hex            19%        N/A       100%        7
 Fire Storm               Conj/Fire      25%        8d7       100%        9


Dungeon Overview and Level Annotations

Branches:
Dungeon (11/15) Zot: 26718  Temple (1/1) D:4 Zot: 5847     Orc (1/2) D:9 Zot: 5998
 Bailey (visited)           IceCv (visited)
   Lair: D:8-11

Altars:
Ashenzari
Cheibriados
Dithmenos
Elyvilon
Fedhas
Gozag
Hepliaklqana
Kikubaaqudgha
Makhleb
Nemelex Xobeh
Okawaru
Qazlal
Ru
Sif Muna
Trog
Uskayaw
Vehumet
Wu Jian
Xom
Yredelemnul
Zin
The Shining One

Shops:
D:5 :   D:6 [   D:7 *   D:9 [

Annotations:
D:8 Baconl0rd's ghost, novice HOFi
D:9 exclusion: orange crystal statue


Innate Abilities, Weirdness & Mutations

You are small and have problems with some larger weapons.
You are completely attuned to the shadows.


Message History

You destroy the wraith!
Vehumet accepts your kill.
Found a spear.
You see here a +0 spear.
Found 5 stones.
You see here 5 stones.
An acid dragon and a wraith come into view.
The stone arrow hits the wraith!!
The acid dragon roars!
You hear a shout!
A troll comes into view.
The acid dragon spits acid at you. The splash of acid hits you!!
The stone arrow hits the wraith!
The wraith is severely damaged.
The stone arrow misses the wraith.
The stone arrow hits the acid dragon!!
The acid dragon is severely wounded.
The wraith attacks as you move away! The wraith closely misses you.
The acid dragon spits acid at you. The splash of acid misses you.
Found a blackened gold wand.
The wraith attacks as you move away! The wraith barely misses you.
The acid dragon spits acid at you. The splash of acid hits you!
The acid corrodes you!
Found a scroll of identify.
The wraith attacks as you move away! The wraith completely misses you.
Found fire dragon scales.
The wraith completely misses you. The troll bites you! The troll claws you.
The troll misses you.
You see here +0 fire dragon scales.
The wraith attacks as you move away! The wraith hits you!
Found a stone staircase leading down.
The troll attacks as you move away! The troll claws you!
* * * LOW HITPOINT WARNING * * *
The wraith attacks as you move away! The wraith hits you!
* * * LOW HITPOINT WARNING * * *
The wraith drains your vigour!
You feel yourself slow down. The troll attacks as you move away!
The troll bites you!
* * * LOW HITPOINT WARNING * * *
The troll barely misses you. The troll claws you.
You die...

#### #....#.......## #.)..#
#..###....##....########..####
#......#......#####..#.......#
#.#............###......###..#
#.#.####.......##...######...####
....##..............###........#.
#........<..........##...........
##...............T....[..).......
.#........<.)...@W..D............
.................................
.................>.............##
..##.......##..(...............##
#. ...###.###...#...............#
#. ..#........ .. ?../..... ..
###...... .. ...#...


You could see a troll, a wraith and an acid dragon.

Vanquished Creatures
  A reaper (IceCv)
  A two-headed ogre (D:10)
  An orc knight (Bailey)
  Joseph (D:9)
  2 ice statues (IceCv)
  A gargoyle (D:11)
  An unseen horror (D:10)
  A freezing wraith (IceCv)
  4 anaconda simulacra (IceCv)
  4 ice devils (IceCv)
  3 trolls
  2 shadows
  11 yaks (D:10)
  A wyvern (D:9)
  5 wraiths
  3 steam dragons
  Menkaure (D:6)
  2 harpy simulacra (IceCv)
  2 water moccasins
  2 acid dragons (D:9)
  4 hydra simulacra (IceCv)
  Duvessa (D:7)
  16 orc warriors
  Pargi (D:4)
  4 ice beasts
  2 sky beasts
  A black bear (D:6)
  2 ogres
  2 centaurs
  2 phantoms
  5 kobold brigands
  2 bullfrogs (D:7)
  3 necrophages
  A cane toad simulacrum (IceCv)
  4 scorpions
  14 wights
  Dowan (D:7)
  3 hounds
  2 jellies
  A wyvern simulacrum (D:8)
  5 orc priests
  Crazy Yiuf (D:2)
  2 iguanas
  13 orc wizards
  A troll simulacrum (IceCv)
  A spriggan simulacrum (IceCv)
  A centaur simulacrum (D:8)
  Robin (D:2)
  6 gnolls
  8 adders
  3 white imps (D:8)
  3 ufetubi
  3 worms
  2 dart slugs
  52 orcs
  8 endoplasms
  4 giant cockroaches
  11 goblins
  10 hobgoblins
  2 jackals (D:4)
  27 kobolds
  8 quokkas
  8 ball pythons
  12 bats
  3 frilled lizards
  21 rats
336 creatures vanquished.

Vanquished Creatures (collateral kills)
  An orc (D:5)
1 creature vanquished.

Vanquished Creatures (others)
  3 fungi (D:1)
  4 plants (D:1)
7 creatures vanquished.

Grand Total: 344 creatures vanquished

Notes
Turn   | Place    | Note
-------+----------+-------------------------------------------
     0 | D:1      | mortz the Kobold Conjurer began the quest for the Orb.
     0 | D:1      | Reached XP level 1. HP: 10/10 MP: 3/3
   387 | D:1      | Reached XP level 2. HP: 16/16 MP: 1/5
   434 | D:1      | Found a faded altar of an unknown god.
   566 | D:1      | Learned a level 2 spell: Searing Ray
   959 | D:1      | Reached XP level 3. HP: 20/20 MP: 5/7
  1040 | D:1      | Reached skill level 1 in Fighting
  1546 | D:2      | You fall into a shaft and drop 1 floor!
  1607 | D:2      | Reached skill level 3 in Spellcasting
  1692 | D:2      | Noticed Robin
  1696 | D:2      | Killed Robin
  1697 | D:2      | Reached XP level 4. HP: 25/25 MP: 1/8
  2439 | D:2      | Found a runed translucent door.
  2439 | D:2      | Identified the +5 hammer "Qorehoh" {spect, Str-4 Int+4
                  | SInv}
  2443 | D:2      | Noticed Crazy Yiuf
  2759 | D:3      | Noticed an ogre
  2763 | D:3      | Killed an ogre
  2764 | D:3      | Reached skill level 5 in Conjurations
  2764 | D:3      | Reached XP level 5. HP: 30/30 MP: 5/10
  3021 | D:3      | Reached skill level 4 in Spellcasting
  3492 | D:3      | Reached XP level 6. HP: 36/36 MP: 9/12
  3518 | D:3      | Found an iron altar of Okawaru.
  3569 | D:3      | Found a burning altar of Makhleb.
  3789 | D:3      | Found a glowing silver altar of Zin.
  4087 | D:4      | Noticed an ogre
  4311 | D:4      | Found a staircase to the Ecumenical Temple.
  4317 | Temple   | Entered the Ecumenical Temple
  4438 | Temple   | Became a worshipper of Vehumet
  4606 | D:4      | Reached XP level 7. HP: 38/40 MP: 11/14
  4625 | D:4      | Noticed Pargi
  4634 | D:4      | Killed Pargi
  4635 | D:4      | Reached skill level 5 in Spellcasting
  5073 | D:4      | Found a sparkling altar of Nemelex Xobeh.
  5075 | D:4      | Found an ancient bone altar of Kikubaaqudgha.
  5270 | D:5      | Entered Level 5 of the Dungeon
  5459 | D:5      | Noticed a water moccasin
  5464 | D:5      | Reached XP level 8. HP: 23/48 MP: 5/16
  5471 | D:5      | Reached skill level 6 in Spellcasting
  5528 | D:5      | Reached * piety under Vehumet
  5528 | D:5      | Offered knowledge of Shock by Vehumet.
  5868 | D:5      | Found Geleo's Tremendous Tomes.
  6282 | D:5      | Reached skill level 1 in Translocations
  6282 | D:5      | Reached skill level 1 in Earth Magic
  6287 | D:5      | Learned a level 3 spell: Stone Arrow
  6401 | D:6      | Noticed Menkaure
  6408 | D:6      | Killed Menkaure
  6437 | D:6      | Identified the +5 war axe of the Noxious God {vorpal,
                  | +Blink Int+3 Dex+4}
  6501 | D:6      | Learned a level 1 spell: Foxfire
  6597 | D:6      | Found a broken altar of Ashenzari.
  6637 | D:6      | Reached XP level 9. HP: 52/52 MP: 14/19
  6783 | D:6      | Found Xavuimua's Armour Emporium.
  6792 | D:6      | Reached skill level 7 in Spellcasting
  6841 | D:6      | Reached skill level 5 in Fighting
  6846 | D:6      | Learned a level 4 spell: Iskenderun's Mystic Blast
  7113 | D:7      | Noticed Dowan
  7160 | D:7      | Reached ** piety under Vehumet
  7160 | D:7      | Offered knowledge of Freeze by Vehumet.
  7247 | D:7      | Found Zeczaj's Assorted Antiques.
  7378 | D:7      | Found a flagged portal.
  7394 | Bailey   | Entered a bailey
  7499 | Bailey   | Reached skill level 8 in Spellcasting
  7499 | Bailey   | Reached XP level 10. HP: 16/60 MP: 20/22
  7625 | Bailey   | Offered knowledge of Mephitic Cloud by Vehumet.
  7651 | Bailey   | Learned a level 3 spell: Mephitic Cloud
  7702 | Bailey   | Noticed an orc knight
  7721 | Bailey   | Killed an orc knight
  7723 | Bailey   | Reached skill level 1 in Air Magic
  7940 | D:7      | Reached skill level 1 in Poison Magic
  8240 | D:7      | Noticed Duvessa
  8245 | D:7      | Killed Duvessa
  8246 | D:7      | Killed Dowan
  8545 | D:8      | Found an opulent altar of Gozag.
  8789 | D:8      | Reached *** piety under Vehumet
  8792 | D:8      | Reached skill level 9 in Spellcasting
  8870 | D:8      | Found a runed translucent gate.
  8872 | D:8      | Found a runed translucent gate.
  8874 | D:8      | Found a runed translucent gate.
  8898 | D:8      | Noticed Baconl0rd's ghost (novice HOFi)
  9106 | D:8      | Offered knowledge of Frozen Ramparts by Vehumet.
  9573 | D:2      | Killed Crazy Yiuf
  9574 | D:2      | Reached XP level 11. HP: 48/66 MP: 24/24
 10484 | D:9      | Reached **** piety under Vehumet
 10484 | D:9      | Identified the +0 robe of the Guild-Master {+Blink}
 10563 | D:9      | Found an ornate altar of the Wu Jian Council.
 10563 | D:9      | Found a stormy altar of Qazlal.
 10686 | D:9      | Found a staircase to the Orcish Mines.
 10693 | D:9      | Found Leurghae's Armour Emporium.
 10747 | D:9      | Offered knowledge of Lee's Rapid Deconstruction by Vehumet.
 10758 | D:9      | Reached skill level 5 in Translocations
 10764 | D:9      | Learned a level 5 spell: Lee's Rapid Deconstruction
 10820 | D:9      | Noticed an orange crystal statue
 10828 | D:9      | Noticed Joseph
 10832 | D:9      | Killed Joseph
 10833 | D:9      | Reached skill level 10 in Conjurations
 10988 | D:9      | Found a blossoming altar of Fedhas.
 11024 | D:9      | Found a sacrificial altar of Ru.
 11176 | D:9      | Found a hide-covered altar of Uskayaw.
 11559 | D:9      | Learned a level 4 spell: Fulminant Prism
 11595 | Orc:1    | Entered Level 1 of the Orcish Mines
 11625 | D:10     | Entered Level 10 of the Dungeon
 11778 | D:10     | Reached skill level 10 in Spellcasting
 11894 | D:10     | Reached skill level 1 in Hexes
 11962 | D:10     | Noticed a two-headed ogre
 11967 | D:10     | Killed a two-headed ogre
 12136 | D:10     | Reached XP level 12. HP: 75/75 MP: 26/26
 12443 | D:11     | Reached skill level 5 in Earth Magic
 12475 | D:11     | Found a frozen archway.
 12482 | IceCv    | Entered an ice cave
 12735 | IceCv    | Reached ***** piety under Vehumet
 12738 | IceCv    | Reached skill level 11 in Spellcasting
 12820 | IceCv    | Offered knowledge of Airstrike by Vehumet.
 12826 | IceCv    | Learned a level 4 spell: Airstrike
 12954 | IceCv    | Noticed a reaper
 12961 | IceCv    | Killed a reaper
 12987 | IceCv    | Identified 2 scrolls of acquirement
 12987 | IceCv    | Acquired the Exposition on Arcane Weapons
 12995 | IceCv    | Learned a level 5 spell: Iskenderun's Battlesphere
 13095 | D:10     | Acquired the +2 hat "Tum Bin Isid" {rC+ Int+6}
 13260 | D:11     | Slain by a troll

Illustrated notes

Levels and vault maps discovered:
D:1:      dpeg_arrival_shelter, layout_basic,
          shapermc_ecumenical_altar_mp_urbaneastern
D:2:      layout_rooms, small_statue_intersection, minmay_rat_hole, uniq_robin,
          uniq_crazy_yiuf_cottage
D:3:      layout_basic, mainiacjoe_overflow_alcove_2, zin_scriptorium,
          okawaru_gym_becter
D:4:      layout_rooms, chequers_temple_overflow_statue_of_worship,
          minmay_temple_entry_drinking_statues, nicolae_kite_square_tiling_tiny,
          uniq_pargi
D:5:      layout_rooms, serial_curves, eino_curves_01, eino_curves_01,
          eino_curves_03, eino_curves_02, nicolae_shop_i_like_big_books,
          minmay_bent
D:6:      layout_gridville, mainiacjoe_overflow_small_starburst, serial_shops,
          nicolae_diamond_shop, uniq_menkaure
D:7:      layout_basic, enter_bailey_2, serial_shops, nicolae_shop_statue_plus,
          nicolae_fountain_basement, uniq_duvessa
D:8:      layout_basic, old_standard_altar, gammafunk_ghost_icy
D:9:      layout_stronghold, mainiacjoe_overflow_alcove_1, fedhas_altar_1,
          nicolae_ru_the_path_less_chosen, gammafunk_temple_overflow_pools,
          orc_david_3, minivault_16, uniq_joseph
D:10:     layout_cross, kennysheep_another_room, corexii_hall_statues_u
D:11:     layout_cave_pools, dpeg_oklobed_lair, portal_ice_cave_entry_pillars_1
Temple:   hellmonk_temple_beads
Orc:1:    layout_caves, serial_shops, shop

Skill      XL: |  1  2  3  4  5  6  7  8  9 10 11 12 |
---------------+-------------------------------------+-----
Fighting       | 1 2 3 4 5 6 8 9 |  9.9
Spellcasting   | 3 4 5 6 8 9 10 11 | 11.2
Conjurations   | 5 6 7 8 9 10 | 10.6
Translocations | 1 3 4 5 6 |  6.0
Earth Magic    | 1 3 4 5 |  5.6
Air Magic      | 2 |  2.7
Poison Magic   | 2 |  2.0
Hexes          | 1 3 |  3.3
Dodging        | |  2.4
Stealth        | |  2.6

Action                   |  1- 3 |  4- 6 |  7- 9 | 10-12 || total
-------------------------+-------+-------+-------+-------++-------
Melee: Dagger            |       |       |     2 |       ||     2
       War axe           |       |       |    10 |    15 ||    25
Throw: Dart              |       |     1 |       |       ||     1
 Cast: Magic Dart        |    57 |    68 |    12 |       ||   137
       Searing Ray       |     3 |    16 |    74 |    93 ||   186
       Stone Arrow       |       |       |       |   135 ||   135
       Iskenderun's Myst |       |       |       |    10 ||    10
       Mephitic Cloud    |       |       |       |     2 ||     2
  Use: Scroll            |     2 |     2 |     5 |    10 ||    19
       Potion            |       |       |     1 |     4 ||     5
 Stab: Sleeping          |       |       |     3 |       ||     3
Armor: Robe              |     1 |     6 |     1 |       ||     8
       Troll leather arm |       |       |    24 |    48 ||    72
Dodge: Dodged            |     6 |    16 |    54 |    92 ||   168
Block: Buckler           |     3 |     2 |    30 |    50 ||    85
       Reflection        |     2 |       |       |     2 ||     4
